 Dungeon Crawl Stone Soup version 0.21-a0-171-g0f4a3b6 (webtiles) character file.

6935 namelastname112 the Fighter (level 10, -3/101 HPs)
             Began as a Black Draconian Wanderer on Aug 7, 2017.
             Was an Initiate of Gozag.
             Hit by a large rock thrown by a cyclops (30 damage)
             ... on level 9 of the Dungeon.
             The game lasted 00:10:28 (8222 turns).

namelastname112 the Fighter (DrWn)                  Turns: 8222, Time: 00:10:28

Health: -3/101     AC:  9    Str:  9 (12) XL:     10   Next: 80%
Magic:  10/10      EV: 19    Int: 11 (13) God:    Gozag
Gold:   742        SH:  0    Dex: 14 (16) Spells: 9/9 levels left

rFire    . . .     SeeInvis +   d - +5 whip (elec)
rCold    . . .     Gourm    .   (no shield)
rNeg     . . .     Faith    .   (armour unavailable)
rPois    .         Spirit   .   (helmet restricted)
rElec    +         Reflect  .   v - +1 cloak
rCorr    .         Harm     .   (no gloves)
MR       .....                  (no boots)
Stlth    ++........             (no amulet)
HPRegen  0.26/turn              H - ring of flight
MPRegen  0.12/turn              G - ring of see invisible

@: gold aura
A: breathe lightning, unfitting armour, electricity resistance, cold-blooded, AC
+7
a: Breathe Lightning, Potion Petition, Call Merchant, Bribe Branch, Renounce
Religion, Evoke Flight


You were on level 9 of the Dungeon.
You worshipped Gozag.
Gozag was pleased with you.
You were not hungry.

You visited 2 branches of the dungeon, and saw 10 of its levels.

You collected 796 gold pieces.
You paid 54 gold pieces to Gozag.

Inventory:

Hand Weapons
 d - a +5 whip of electrocution (weapon)
Missiles
 l - a throwing net (quivered)
Armour
 v - a +1 cloak (worn)
Magical Staves
 I - an uncursed staff of death
Jewellery
 n - an uncursed ring of poison resistance {unknown}
 y - an uncursed ring of wizardry
 G - a ring of see invisible (right hand)
 H - a ring of flight (left hand)
Wands
 c - a wand of random effects (23/48)
 e - a wand of polymorph (10/24)
 B - a wand of confusion (32/48)
 F - a wand of flame (27/48)
Scrolls
 b - 2 scrolls of blinking
 h - a scroll of magic mapping
 j - a scroll of enchant weapon
 q - 3 scrolls of immolation
 r - 3 scrolls of enchant armour
 s - a scroll of remove curse
 t - a scroll of amnesia
 u - a scroll of identify
 A - a scroll of teleportation
Potions
 a - 2 potions of berserk rage
 g - 5 potions of degeneration
 k - a potion of mutation {unknown}
 o - 2 potions of lignification {unknown}
 p - 2 potions of invisibility {unknown}
 w - a potion of flight {unknown}
 x - 2 potions of curing
 z - a potion of agility {unknown}
 C - 2 potions of heal wounds {unknown}
 D - a potion of haste
 E - a potion of brilliance {unknown}
Comestibles
 f - 8 bread rations
 i - 6 meat rations


   Skills:
 + Level 13.1 Fighting
   Level 2.0 Long Blades
   Level 2.0 Axes
 - Level 1.0 Throwing
 + Level 10.7 Dodging
 - Level 1.0 Stealth


You had 9 spell levels left.
You didn't know any spells.

Dungeon Overview and Level Annotations

Branches:
Dungeon (9/15)             Temple (1/1) D:5
   Lair: D:8-11         Orc: D:9-12

Altars:
Ashenzari
Cheibriados
Dithmenos
Elyvilon
Fedhas
Gozag
Hepliaklqana
Kikubaaqudgha
Makhleb
Nemelex Xobeh
Qazlal
Ru
Sif Muna
Trog
Uskayaw
Vehumet
Wu Jian
Xom
Yredelemnul
Zin
The Shining One


Innate Abilities, Weirdness & Mutations

You can breathe wild blasts of lightning.
Your glossy black scales are hard. (AC +7)
You cannot fit into any form of body armour.
You are resistant to electric shocks. (rElec)
You are cold-blooded and may be slowed by cold attacks.


Message History

The centaur closely misses you.
You take 1 damage, and have 26/101 hp.
You whack the centaur!
The centaur is almost dead.
The centaur hits you.
* * * LOW HITPOINT WARNING * * *
The centaur hits you but does no damage.
You whack the centaur! Lightning courses through the centaur!
You kill the centaur!
A cyclops and a hungry ghost come into view.
Things that are here:
12 gold pieces; an uncursed shortbow; 17 arrows The cyclops shouts!
Things that are here:
8 gold pieces; a club
Items here: $ )) [[ 15 gold pieces; a halberd; a spear; a ring mail; a buckler The cyclops throws a large rock.
The large rock hits you!!
You die...
Your body crumbles into a pile of gold.

# #.......#
#...#.C..?..#
##...#.......#
.....#..W....#
............<#
####.##.########
#. #$........
#.##$########
#..@$# ####.#
#.# #.# ###


You could see a cyclops and a hungry ghost.

Vanquished Creatures
  3 two-headed ogres (D:8)
  The ghost of Slowdrip the Skirmisher, a novice KoHu of Wu Jian (D:6)
  The ghost of Slowdrip the Basher, a novice KoHu (D:5)
  Grinder (D:5)
  A hippogriff (D:7)
  Sigmund (D:2)
  2 hungry ghosts (D:8)
  4 yaks (D:9)
  2 orc warriors
  A phantom (D:5)
  An ice beast (D:7)
  4 ogres
  5 centaurs
  Blork the orc (D:5)
  A big kobold (D:8)
  A gnoll sergeant (D:9)
  4 bullfrogs
  2 scorpions
  5 wights (D:7)
  2 crimson imps
  3 howler monkeys
  A jelly (D:7)
  Crazy Yiuf (D:2)
  3 orc priests
  A gnoll shaman (D:6)
  2 hounds
  5 orc wizards
  7 worker ants
  A hound skeleton (D:5)
  A howler monkey zombie (D:7)
  Robin (D:3)
  7 gnolls
  4 adders
  3 shadow imps
  4 oozes
  3 adder skeletons
  An adder zombie (D:5)
  A worm (D:2)
  3 dart slugs
  3 leopard geckos
  18 orcs
  6 giant cockroaches
  15 goblins
  9 hobgoblins
  11 jackals
  4 kobolds
  2 quokkas
  A ball python (D:1)
  7 bats
  2 frilled lizards (D:5)
  2 leopard gecko skeletons
  10 rats
185 creatures vanquished.

Notes
Turn   | Place    | Note
-------+----------+-------------------------------------------
     0 | D:1      | namelastname112 the Draconian Wanderer began the quest for the Orb.
     0 | D:1      | namelastname112 set off with: a +2 dagger, a scroll of blinking, a +0 falchion, a potion of curing, a bread ration
     0 | D:1      | Reached XP level 1. HP: 22/22 MP: 1/1
   163 | D:1      | Reached XP level 2. HP: 25/28 MP: 2/2
   256 | D:2      | Reached skill level 1 in Dodging
   726 | D:1      | Reached skill level 5 in Fighting
   837 | D:1      | Reached XP level 3. HP: 31/36 MP: 3/3
   943 | D:2      | Noticed Sigmund
  1255 | D:3      | Noticed Robin
  1262 | D:3      | Reached XP level 4. HP: 37/42 MP: 4/4
  1277 | D:3      | Killed Robin
  1811 | D:3      | Found a stormy altar of Qazlal.
  1963 | D:3      | Reached skill level 6 in Fighting
  1963 | D:3      | Reached XP level 5. HP: 26/50 MP: 5/5
  2158 | D:3      | Found a basalt altar of Yredelemnul.
  2167 | D:3      | Found a glowing golden altar of the Shining One.
  2169 | D:3      | Noticed an angel
  2457 | D:3      | Found a white marble altar of Elyvilon.
  2493 | D:2      | Killed Sigmund
  2493 | D:2      | Reached XP level 6. HP: 58/58 MP: 6/6
  2869 | D:2      | Found a runed door.
  2873 | D:2      | Noticed Crazy Yiuf
  2879 | D:2      | Killed Crazy Yiuf
  2941 | D:4      | Reached skill level 7 in Fighting
  3579 | D:5      | Entered Level 5 of the Dungeon
  3592 | D:5      | Your scales start taking on a glossy black colour.
  3592 | D:5      | Reached XP level 7. HP: 53/66 MP: 7/7
  3592 | D:5      | Gained mutation: You are resistant to electric shocks. (rElec) [Black Draconian growth]
  3798 | D:5      | Noticed Blork the orc
  3816 | D:5      | Killed Blork the orc
  3816 | D:5      | Reached skill level 5 in Dodging
  3835 | D:5      | Reached skill level 8 in Fighting
  4096 | D:5      | Noticed Slowdrip's ghost (novice KoHu)
  4096 | D:5      | Noticed Grinder
  4103 | D:5      | Killed Slowdrip's ghost
  4103 | D:5      | Reached XP level 8. HP: 65/77 MP: 8/8
  4128 | D:5      | Killed Grinder
  4128 | D:5      | Reached skill level 9 in Fighting
  4244 | D:5      | Found a staircase to the Ecumenical Temple.
  4404 | Temple   | Entered the Ecumenical Temple
  4411 | Temple   | Became a worshipper of Gozag Ym Sagoz the Greedy
  4498 | D:6      | Noticed Slowdrip's ghost (novice KoHu)
  4823 | D:6      | Killed Slowdrip's ghost
  4823 | D:6      | Reached skill level 10 in Fighting
  4823 | D:6      | Reached XP level 9. HP: 15/85 MP: 9/9
  5179 | D:6      | Found a sparkling altar of Nemelex Xobeh.
  6214 | D:7      | Reached skill level 11 in Fighting
  6790 | D:7      | Found a hazy altar of Hepliaklqana.
  7148 | D:8      | Reached XP level 10. HP: 94/97 MP: 10/10
  7243 | D:8      | Noticed a two-headed ogre
  7252 | D:8      | Killed a two-headed ogre
  7252 | D:8      | Reached skill level 12 in Fighting
  7721 | D:8      | Noticed a two-headed ogre
  7727 | D:8      | Noticed a two-headed ogre
  7731 | D:8      | Killed a two-headed ogre
  7731 | D:8      | Reached skill level 10 in Dodging
  7952 | D:8      | Killed a two-headed ogre
  7990 | D:8      | Noticed a two-headed ogre
  8182 | D:9      | Reached skill level 13 in Fighting
  8219 | D:9      | Noticed a cyclops
  8222 | D:9      | Hit by a large rock thrown by a cyclops

Vault maps used:
D:1:      erik_arrival_gehennom
D:2:      minmay_close_crescents, uniq_sigmund, uniq_crazy_yiuf_cottage
D:3:      grunt_temple_overflow_holy_war, grunt_qazlal_sundering,
          marbit_many_paths, uniq_robin
D:4:      first_bread, minivault_14
D:5:      temple_statues, bh_walls_and_bars, uniq_blork_the_orc, uniq_grinder
D:6:      nicolae_overflow_crystal_walls
D:7:      nicolae_overflow_hidden_temple
D:9:      kennysheep_blocky_hall, lemuel_round_altar, dpeg_oklobed_lair,
          orc_0_dummy, hangedman_little_slice_of_home,
          nicolae_tso_carved_into_rock
Temple:   nicolae_temple_no_exploring_needed

Skill      XL: |  1  2  3  4  5  6  7  8  9 10 |
---------------+-------------------------------+-----
Dodging        | 1 2 3 4 6 7 9 10 | 10.7
Fighting       | 5 6 7 8 10 11 13 | 13.1
Long Blades    | |  2.0
Axes           | |  2.0
Throwing       | |  1.0
Stealth        | |  1.0

Action                   |  1- 3 |  4- 6 |  7- 9 | 10-12 || total
-------------------------+-------+-------+-------+-------++-------
Melee: Dagger            |   135 |    78 |       |       ||   213
       Tailslap          |    16 |    13 |    41 |    12 ||    82
       Whip              |       |    56 |   299 |    99 ||   454
Throw: Throwing net      |       |     1 |       |       ||     1
 Abil: Breathe Lightning |       |       |     2 |     5 ||     7
  Use: Potion            |       |     1 |       |     2 ||     3
       Scroll            |       |       |    11 |       ||    11
 Stab: Sleeping          |     4 |     2 |     1 |       ||     7
       Distracted        |     1 |       |       |       ||     1
       Held in net/web   |       |     1 |       |       ||     1
  Eat: Chunk             |     1 |     7 |     3 |       ||    11
       Fruit             |       |       |     2 |       ||     2
       Royal jelly       |       |       |     7 |     1 ||     8
Armor: Skin              |    49 |    25 |    56 |    12 ||   142
Dodge: Dodged            |    81 |    67 |   238 |   110 ||   496
